 Dungeon Crawl Stone Soup version 0.29.0-5-ge4962eb29e (webtiles) character file.

Game seed: 2329557843573646404

902 ragingrage the Skirmisher (level 8, -1/54 HPs)
             Began as a Formicid Arcane Marksman on Aug 29, 2022.
             Succumbed to a centaur's poison
             ... on level 5 of the Dungeon.
             The game lasted 00:11:55 (7117 turns).

ragingrage the Skirmisher (FoAM)                    Turns: 7117, Time: 00:11:55

Health: -1/54      AC:  2    Str: 13 (16) XL:     8   Next: 28%
Magic:  9/9        EV: 16    Int:  9 (12) God:
Gold:   149        SH:  0    Dex: 13 (16) Spells: 8/9 levels left

rFire   . . .      SeeInvis +   a - +1 sling
rCold   . . .      Faith    .   (no shield)
rNeg    . . .      Spirit   .   c - +0 robe
rPois   +          Reflect  .   (helmet unavailable)
rElec   .          Harm     .   (no cloak)
rCorr   .          Rampage  .   (no gloves)
Will    .....                   (no boots)
Stlth   +.........              A - amulet of the acrobat
HPRegen 0.18/turn               e - ring of poison resistance
MPRegen 0.11/turn               g - +4 ring of evasion

@: lethally poisoned (-1 -> -7), flying
A: permanent stasis, dig shafts and tunnels, antennae 3, four strong arms
a: Dig, Shaft Self


You were on level 5 of the Dungeon.
You visited 1 branch of the dungeon, and saw 5 of its levels.

You collected 149 gold pieces.

Inventory:

Hand Weapons
 a - a +1 sling (weapon)
 b - a +2 dagger of draining
Missiles
 n - 13 poisoned darts
Armour
 c - a +0 robe (worn)
Jewellery
 e - a ring of poison resistance (left hand)
 g - a +4 ring of evasion (right hand)
 h - a +6 ring of intelligence
 A - an amulet of the acrobat (around neck)
Wands
 w - a wand of flame (14)
Scrolls
 j - a scroll of identify
 l - 4 scrolls of vulnerability
 q - a scroll of poison
 t - a scroll of enchant armour {unknown}
 v - 2 scrolls of enchant weapon
 x - a scroll of torment
 y - a scroll of silence {unknown}
Potions
 d - 4 potions of brilliance {unknown}
 f - 3 potions of degeneration
 i - 2 potions of might
 k - a potion of heal wounds {unknown}
 m - a potion of flight
 o - a potion of haste
 p - 2 potions of berserk rage {unknown}
 r - a potion of ambrosia {unknown}
 s - 2 potions of lignification {unknown}
 u - 2 potions of curing {unknown}
 B - a potion of cancellation {unknown}


   Skills:
 - Level 1.1 Fighting
 + Level 9.2 Ranged Weapons
 - Level 1.7 Dodging
 - Level 1.1 Spellcasting
 - Level 3.6 Hexes


You had 8 spell levels left.
You knew the following spells:

 Your Spells              Type           Power      Damage    Failure   Level
a - Slow                  Hex            28%        N/A       9%          1

Your spell library contained the following spells:

 Spells                   Type           Power      Damage    Failure   Level
 Inner Flame              Hex/Fire       3%         N/A       45%         3
 Portal Projectile        Hex/Tloc       6%         N/A       45%         3
 Cause Fear               Hex            3%         N/A       63%         4


Dungeon Overview and Level Annotations

Branches:
Dungeon (5/15)
 Temple: D:4-7

Altars:
Fedhas
Sif Muna
Vehumet
Xom

Shops:
D:3 [   D:5 (=

Annotations:
D:1 exclusion: downstairs
D:3 exclusion: 2 downstairs
D:4 exclusion: downstairs


Innate Abilities, Weirdness & Mutations

You cannot be hasted, slowed, berserked, paralysed or teleported.
You can dig through walls and to a lower floor.
You have a pair of large antennae on your head. (SInv)
Your four strong arms can wield two-handed weapons with a shield.


Message History

The centaur shoots an arrow.
The arrow misses you.
The centaur shoots an arrow.
The arrow completely misses you.
You start waiting.
The centaur shoots an arrow.
The arrow hits you!
Okay, then.
You start resting.
The centaur shoots an arrow.
The arrow completely misses you.
The centaur shoots an arrow.
The arrow hits you!
The centaur unwields a +0 shortbow.
The centaur wields the +1 falchion "Itruem" {venom, rElec Stlth+}.
It begins to drip with poison!
The centaur hits you with the +1 falchion "Itruem" {venom, rElec Stlth+}!
You are poisoned.
The centaur misses you. The centaur completely misses you. x2
Fire: a) +1 sling
Press: ? - help, Q - select action, (/) - cycle Shift-Dir - straight line, f - centaur
Aim: a centaur, wielding the +1 falchion "Itruem" {venom, rElec Stlth+} and quivering boomerangs (73% to hit)
You shoot a sling bullet. The sling bullet hits the centaur.
The centaur is lightly wounded.
You feel very sick. The centaur misses you.
The centaur kicks you but does no damage.
It was a potion of flight.
You feel very buoyant.
You fly up into the air.
You feel very sick.
The centaur hits you with the +1 falchion "Itruem" {venom, rElec Stlth+}.
* * * LOW HITPOINT WARNING * * *
The centaur barely misses you.
The centaur drinks a potion.
The centaur suddenly seems more resistant.
It was a potion of haste.
Your stasis prevents you from being hasted.
You feel sick.
The centaur hits you with the +1 falchion "Itruem" {venom, rElec Stlth+}!
* * * LOW HITPOINT WARNING * * *
The centaur closely misses you.
It was a potion of degeneration.
There was something very wrong with that liquid.
You feel weakened.
You feel dopey.
You feel clumsy.
You die...

....###........'†#.......#
.............).#####...###
........#.)........'...'.#
...)....#).........#####.#
..........)..........# ..
........)...#........# .#
........<..##...##...# #
..#.........#...##...###
.......#........@......+
.....#.##...####.c.....###...
......<....#####.............
.....[........#..............
.............................
#...........................#
#...........................?.
##...##.........#.............
###.##..#...........#........


You could see a centaur (resistant).

Vanquished Creatures
  An ogre (D:4)
  A phantom (D:5)
  A necrophage (D:5)
  4 scorpions
  A howler monkey (D:4)
  2 hounds
  Terence (D:2)
  An iguana (D:5)
  An orc wizard (D:3)
  6 gnolls (D:5)
  10 adders
  2 white imps
  An ufetubus (D:4)
  A worm (D:4)
  A dart slug (D:2)
  14 orcs
  10 ball pythons
  10 endoplasms
  2 giant cockroaches
  4 goblins
  6 hobgoblins
  8 jackals
  2 quokkas
  8 bats
  A frilled lizard (D:1)
  A kobold (D:2)
  7 rats
107 creatures vanquished.

Notes
Turn   | Place    | Note
-------+----------+-------------------------------------------
     0 | D:1      | ragingrage the Formicid Arcane Marksman began the quest for
                  | the Orb.
     0 | D:1      | Reached XP level 1. HP: 15/15 MP: 2/2
   583 | D:1      | Reached XP level 2. HP: 17/21 MP: 0/3
   901 | D:1      | Reached skill level 3 in Ranged Weapons
  1214 | D:1      | Reached XP level 3. HP: 26/26 MP: 4/4
  1959 | D:2      | Reached skill level 4 in Ranged Weapons
  1959 | D:2      | Reached XP level 4. HP: 27/32 MP: 2/5
  2356 | D:2      | Found a shimmering altar of Xom.
  2571 | D:2      | Found a faded altar of an unknown god.
  2586 | D:2      | Noticed Terence
  2726 | D:2      | Killed Terence
  2727 | D:2      | Reached skill level 5 in Ranged Weapons
  2727 | D:2      | Reached XP level 5. HP: 34/37 MP: 4/6
  2780 | D:3      | Found a blossoming altar of Fedhas.
  3210 | D:3      | Found Qiazu's Antique Armour Shoppe.
  4219 | D:3      | Reached XP level 6. HP: 30/43 MP: 4/7
  4383 | D:4      | Reached skill level 6 in Ranged Weapons
  4539 | D:4      | Found a shimmering blue altar of Sif Muna.
  4539 | D:4      | Found a radiant altar of Vehumet.
  4732 | D:4      | Noticed an ogre
  4765 | D:3      | Reached XP level 7. HP: 43/48 MP: 6/8
  4878 | D:4      | Reached skill level 7 in Ranged Weapons
  5518 | D:5      | Entered Level 5 of the Dungeon
  5578 | D:5      | Found Jegiq's Jewellery Emporium.
  5686 | D:5      | Reached skill level 8 in Ranged Weapons
  6015 | D:5      | Reached XP level 8. HP: 45/54 MP: 9/9
  6413 | D:5      | Found Urghopuk's Antique Weapon Shop.
  7023 | D:5      | Reached skill level 9 in Ranged Weapons
  7095 | D:5      | Identified the +1 falchion "Itruem" {venom, rElec Stlth+}
  7116 | D:5      | HP: 1/54 [centaur/the +1 falchion "Itruem" {venom, rElec
                  | Stlth+} (12)]
  7117 | D:5      | Succumbed to a centaur's poison

Illustrated notes

Levels and vault maps discovered:
D:1:      eino_arrival_water_cross, layout_loops_ring, minmay_split_cup_small
D:2:      layout_loops_ring, shapermc_ecumenical_altar_petra, basic_altar,
          minivault_24, minmay_fractal_squares_gapless_5, uniq_terence
D:3:      layout_loops_corners, fedhas_altar_3, serial_shops, shop
D:4:      layout_cave_pools, nicolae_overflow_two_pavilions, lemuel_flame_loot_1
D:5:      nicolae_cairo_tiling_large, layout_cave_pools, serial_shops,
          nicolae_diamond_shop, shop_statue, shop, nicolae_lakefront_shop

Skill      XL: |  1  2  3  4  5  6  7  8 |
---------------+-------------------------+-----
Ranged Weapons | 3 4 5 6 8 9 |  9.2
Fighting       | |  1.1
Dodging        | |  1.7
Spellcasting   | |  1.1
Hexes          | |  3.6

Action                   |  1- 3 |  4- 6 |  7- 9 || total
-------------------------+-------+-------+-------++-------
Melee: Dagger            |       |     9 |       ||     9
       Punch             |       |     1 |       ||     1
 Fire: Sling             |    88 |   216 |   152 ||   456
Throw: Dart              |       |    11 |    17 ||    28
 Cast: Slow              |    12 |    45 |    26 ||    83
  Use: Scroll            |       |     4 |     5 ||     9
       Potion            |       |       |     3 ||     3
Armor: Robe              |     5 |     7 |     6 ||    18
Dodge: Dodged            |    36 |   123 |    74 ||   233
